 Dungeon Crawl Stone Soup version 0.30-a0-1094-g860fb061e7 (webtiles) character file.

Game seed: 12795190580956152606

13806 Angani the Fighter (level 11, 0/99 HPs)
             Began as a Yellow Draconian Monk on Apr 18, 2023.
             Was a High Priest of Vehumet.
             Slain by a yak (12 damage)
             ... on level 9 of the Dungeon.
             The game lasted 00:23:53 (12224 turns).

Angani the Fighter (Yellow Draconian Monk)         Turns: 12224, Time: 00:23:53

Health: 0/99       AC: 11    Str: 20    XL:     11   Next: 80%
Magic:  21/24      EV: 15    Int: 15    God:    Vehumet [*****.]
Gold:   579        SH:  0    Dex: 19    Spells: 14/29 levels left

rFire   + . .      SeeInvis .    x - +0 trident
rCold   + . .      Faith    .    c - orb {light}
rNeg    . . .      Spirit   .    (body armour unavailable)
rPois   .          Reflect  .    (helmet restricted)
rElec   .          Rampage  .    B - scarf {rC+ rF+}
rCorr   +                        K - +2 pair of gloves
Will    .....                    g - +0 pair of boots
Stlth   +                        d - amulet of magic regeneration
HPRegen 0.36/turn                F - +6 ring of strength
MPRegen 0.59/turn                z - +6 ring of dexterity

@: short of breath, glowing
A: spit acid, AC +7, unfitting armour, cold-blooded, acid resistance
a: Breathe Acid, Renounce Religion


You were on level 9 of the Dungeon.
You worshipped Vehumet.
Vehumet was extremely pleased with you.
You visited 1 branch of the dungeon, and saw 10 of its levels.

You collected 943 gold pieces.
You spent 364 gold pieces at shops.

Inventory:

Hand Weapons
 x - a +0 trident (weapon)
Missiles
 l - 31 poisoned darts (quivered)
 v - 2 javelins
Armour
 c - an orb of light (worn)
 g - a +0 pair of boots (worn)
 B - a scarf of resistance (worn)
 K - a +2 pair of gloves (worn)
Magical Staves
 y - a staff of cold
 E - a staff of death
Jewellery
 d - an amulet of magic regeneration (around neck)
 i - a ring of wizardry
 z - a +6 ring of dexterity (right hand)
 F - a +6 ring of strength (left hand)
 I - a ring of protection from cold
 J - a ring of positive energy
 L - a ring of see invisible
Wands
 e - a wand of quicksilver (5)
 p - a wand of digging (7)
 M - a wand of iceblast (6)
Scrolls
 a - a scroll of poison
 j - a scroll of torment
 m - 3 scrolls of fear
 o - 6 scrolls of teleportation {unknown}
 q - 5 scrolls of magic mapping {unknown}
 u - 3 scrolls of immolation {unknown}
 A - 4 scrolls of vulnerability
 C - 2 scrolls of blinking {unknown}
 H - a scroll of fog {unknown}
 N - 2 scrolls of silence {unknown}
Potions
 b - 4 potions of ambrosia
 f - a potion of flight
 h - a potion of brilliance
 k - 2 potions of haste {unknown}
 n - 2 potions of invisibility {unknown}
 r - 8 potions of curing
 s - 2 potions of cancellation {unknown}
 t - 3 potions of magic {unknown}
 w - 3 potions of mutation {unknown}
 D - a potion of lignification {unknown}
 G - a potion of heal wounds
 O - a potion of attraction
 P - a potion of degeneration {unknown}
 Q - a potion of might
 R - a potion of berserk rage {unknown}


   Skills:
 - Level 10.1 Fighting
 - Level 5.0 Polearms
 - Level 5.3 Throwing
 - Level 5.0 Dodging
 + Level 9.9 Spellcasting
 - Level 5.0 Conjurations
 - Level 5.0 Fire Magic
 - Level 5.0 Ice Magic
 - Level 5.0 Evocations


You had 14 spell levels left.
You knew the following spells:

 Your Spells              Type           Power      Damage    Failure   Level
a - Ozocubu's Armour      Ice            22%        N/A       3%          3
b - Sticky Flame          Conj/Fire      22%        2d4       3%          4
c - Ignite Poison         Fire/Tmut/Pois 12%        N/A       4%          3
d - Yara's Violent Unrav  Hex/Tmut       3%         3d4       54%         5

Your spell library contained the following spells:

 Spells                   Type           Power      Damage    Failure   Level
 Dazzling Flash           Conj/Hex       28%        N/A       3%          3
 Volatile Blastmotes      Fire/Tloc      28%        2d12      3%          3
 Fulminant Prism          Conj/Hex       7%         3d7       10%         4
 Iskenderun's Mystic Bla  Conj/Tloc      14%        2d5       10%         4
 Gell's Gravitas          Tloc           7%         N/A       30%         3
 Portal Projectile        Hex/Tloc       14%        N/A       30%         3
 Teleport Other           Tloc           7%         N/A       30%         3
 Tukima's Dance           Hex            7%         N/A       30%         3
 Starburst                Conj/Fire      11%        6d5       41%         6
 Lee's Rapid Deconstruct  Erth           3%         3d5*      54%         5
 Metabolic Englaciation   Hex/Ice        7%         N/A       67%         5
 Leda's Liquefaction      Hex/Erth       3%         N/A       69%         4
 Blade Hands              Tmut           3%         N/A       95%         5
 Simulacrum               Ice/Necr       7%         N/A       99%         6
 Dispersal                Tloc           3%         N/A       100%        6
 Statue Form              Tmut/Erth      4%         N/A       100%        6


Dungeon Overview and Level Annotations

Branches:
Dungeon (10/15)            Temple (0/1) D:7            Lair (0/5) D:9
    Orc (0/2) D:10

Altars:
Dithmenos
Elyvilon
Kikubaaqudgha
Sif Muna
Vehumet
Zin

Shops:
D:4 *   D:5 (:*!?   D:10 (

Annotations:
D:9 3 runed translucent doors


Innate Abilities, Weirdness & Mutations

You can spit globs of acid.
Your golden yellow scales are hard. (AC +7)
You cannot fit into any form of body armour.
You are cold-blooded and may be slowed by cold attacks.
You are resistant to acid. (rCorr)


Message History

Really read the scroll of torment?
Okay, then.
Unknown command.
As you read the scroll of fear, it crumbles to dust.
You assume a fearsome visage.
The orc warrior looks frightened!
The yak looks frightened! x7; The howler monkey looks frightened! x3
The yak seems to regain its courage.
The yak seems to regain its courage.
The yak attacks as you move away! The yak closely misses you.
The yak attacks as you move away! The yak misses you.
The howler monkey hoots and howls with incredible vigour!
The yak attacks as you move away! The yak gores you but does no damage.
The yak closely misses you.
There is a stone staircase leading up here.
The howler monkey hoots and howls with incredible vigour!
The yak gores you! The yak misses you.
You hear a bellow!
You hear a shout!
You climb upwards.
Level annotation: 3 runed translucent doors
There is a stone staircase leading down here.
Unknown command.
Casting: Sticky Flame (dangerous; 3% risk of failure)
Confirm with . or Enter, or press ? or * to list all spells.
Aiming: Sticky Flame (dangerous; 3% risk of failure)
Press: ? - help, Shift-Dir - straight line, f - yak
Aim: a yak (haloed)
The sticky flame hits the yak.
The yak is lightly wounded.
The yak is covered in liquid flames!
The yak burns!
The yak gores you!
* * * LOW HITPOINT WARNING * * *
The yak gores you!
* * * LOW HITPOINT WARNING * * *
Unknown command.
Press: ? - help, Shift-Dir - straight line, f/p - yak
Aim: a yak (lightly wounded, covered in liquid flames, haloed, 87% to hit)
You spit a glob of acid.
The glob of acid hits the yak!
The acid corrodes the yak!
The yak is heavily wounded.
The yak burns!
The yak barely misses you. The yak gores you!
You die...

#.#####.##.##.#
####.##.".....##.# #
#.......##.......# .#
#.##.##.##.......# ..+
####.##.##.##.####.##...+
#####.......[...........^[..+
#.....##.##.##.##.##.#.###..# ###
#.....#<..#Y##...>...#.# #
..###...........@Y.##......#
#...............########.###
#####...........# ##.##
#####.......# #...#
#########.#....#### #...# #####
#.......#.#.......# #...# #....
#...........#..##.#####...###.#<#
#.......#.#.#..##.#...........#.#
#.........)))....................


You could see 2 yaks.

Vanquished Creatures
  Erica (D:8)
  A two-headed ogre (D:9)
  Pikel (D:7)
  3 wolf spider zombies (D:8)
  3 centaur zombies (D:8)
  Joseph (D:8)
  Maggie (D:7)
  A rime drake (D:9)
  Psyche (D:8)
  2 hellwings (D:8)
  A troll (D:7)
  A polar bear (D:8)
  A meliai zombie (D:8)
  A shadow (D:9)
  A vampire (D:7)
  7 yaks
  A wyvern (D:8)
  A wraith (D:7)
  2 steam dragons (D:7)
  5 water moccasins
  6 ice beasts
  A sky beast (D:7)
  6 orc warriors
  7 ogres
  A wolf (D:8)
  3 centaurs
  3 phantoms
  3 bullfrogs (D:7)
  Blork the orc (D:5)
  3 kobold brigands
  2 scorpions (D:7)
  3 gnoll sergeants
  5 wights (D:9)
  10 killer bees
  A howler monkey (D:9)
  An electric eel (D:7)
  A crimson imp (D:9)
  3 jellies
  6 orc priests
  10 hounds
  3 gnoll boudas
  A sleepcap (D:7)
  5 iguanas
  14 orc wizards
  Robin (D:3)
  14 gnolls
  9 adders
  5 shadow imps
  4 white imps
  An ufetubus (D:7)
  A worm (D:2)
  4 dart slugs
  49 orcs
  2 bats
  10 endoplasms
  2 giant cockroaches (D:1)
  17 goblins
  13 hobgoblins
  3 jackals (D:4)
  5 quokkas
  8 ball pythons
  3 frilled lizards
  19 kobolds
  3 rats
308 creatures vanquished.

Vanquished Creatures (others)
  An orc (D:9)
  21 plants
  10 withered plants (D:8)
32 creatures vanquished.

Grand Total: 340 creatures vanquished

Notes
Turn   | Place    | Note
-------+----------+-------------------------------------------
     0 | D:1      | Angani the Draconian Monk began the quest for the Orb.
     0 | D:1      | Reached XP level 1. HP: 19/19 MP: 1/1
   177 | D:1      | Reached XP level 2. HP: 25/26 MP: 2/2
   887 | D:2      | Reached skill level 4 in Fighting
  1002 | D:2      | Reached XP level 3. HP: 19/33 MP: 1/3
  1908 | D:3      | Reached XP level 4. HP: 34/41 MP: 4/4
  1961 | D:3      | Noticed Robin
  2125 | D:3      | Killed Robin
  2387 | D:3      | Learned a level 3 spell: Ozocubu's Armour
  2405 | D:3      | Found a shadowy altar of Dithmenos.
  2483 | D:3      | Found a white marble altar of Elyvilon.
  2594 | D:4      | Reached skill level 5 in Fighting
  2594 | D:4      | Reached XP level 5. HP: 22/48 MP: 3/5
  2704 | D:4      | Noticed an ogre
  2716 | D:4      | Killed an ogre
  2717 | D:4      | Reached skill level 5 in Polearms
  2717 | D:4      | Reached skill level 1 in Spellcasting
  3069 | D:4      | Reached skill level 1 in Ice Magic
  3069 | D:4      | Reached XP level 6. HP: 55/56 MP: 7/9
  3411 | D:4      | Found Teeh's CLEARANCE SALE!.
  3442 | D:4      | Bought a scroll of identify for 8 gold pieces
  3442 | D:4      | Bought a potion of curing for 12 gold pieces
  3442 | D:4      | Bought a scroll of vulnerability for 16 gold pieces
  3666 | D:5      | Entered Level 5 of the Dungeon
  3689 | D:5      | Your scales start taking on a golden yellow colour.
  3689 | D:5      | Reached XP level 7. HP: 46/61 MP: 5/11
  3689 | D:5      | Gained mutation: You are resistant to acid. (rCorr) [Yellow
                  | Draconian growth]
  4034 | D:5      | Found Jatsaq's Weapon Shoppe.
  4058 | D:5      | Found Amainic's Assorted Antiques.
  4068 | D:5      | Bought a scroll of identify for 56 gold pieces
  4393 | D:5      | Found Ittaler's Distillery.
  4493 | D:5      | Found Pothroasith's Book Boutique.
  4556 | D:5      | Noticed Blork the orc
  4568 | D:5      | Killed Blork the orc
  4861 | D:5      | Found Erreuge's Magic Scroll Shop.
  4864 | D:5      | Bought a scroll of identify for 24 gold pieces
  4864 | D:5      | Bought a scroll of identify for 24 gold pieces
  5132 | D:6      | Reached skill level 5 in Ice Magic
  5132 | D:6      | Reached XP level 8. HP: 54/68 MP: 13/15
  5217 | D:6      | Reached skill level 5 in Spellcasting
  5507 | D:6      | Found a radiant altar of Vehumet.
  5518 | D:6      | Reached skill level 1 in Evocations
  5660 | D:6      | Became a worshipper of Vehumet
  5660 | D:6      | Reached * piety under Vehumet
  5660 | D:6      | Offered knowledge of Sandblast by Vehumet.
  5660 | D:6      | Reached ** piety under Vehumet
  5927 | D:7      | Offered knowledge of Kiss of Death by Vehumet.
  6144 | D:7      | Reached skill level 5 in Dodging
  6144 | D:7      | Found a staircase to the Ecumenical Temple.
  6212 | D:7      | Reached XP level 9. HP: 66/74 MP: 16/16
  6275 | D:7      | Reached skill level 5 in Evocations
  6309 | D:7      | Reached skill level 6 in Fighting
  6310 | D:7      | Reached skill level 1 in Throwing
  6337 | D:7      | Noticed Pikel
  6339 | D:7      | Reached skill level 7 in Fighting
  6340 | D:7      | Killed Pikel
  6345 | D:7      | Offered knowledge of Scorch by Vehumet.
  6741 | D:7      | Reached skill level 8 in Fighting
  6774 | D:7      | Noticed a troll
  6780 | D:7      | Killed a troll
  6780 | D:7      | Reached *** piety under Vehumet
  7037 | D:7      | Reached skill level 5 in Throwing
  7037 | D:7      | Reached XP level 10. HP: 19/90 MP: 4/17
  7305 | D:7      | Noticed Maggie
  7317 | D:7      | Killed Maggie
  7498 | D:7      | Reached skill level 9 in Fighting
  8048 | D:5      | Bought a glowing scarf for 224 gold pieces
  8149 | D:8      | Noticed Psyche
  8152 | D:8      | Killed Psyche
  8354 | D:8      | Offered knowledge of Sticky Flame by Vehumet.
  8384 | D:8      | Learned a level 4 spell: Sticky Flame
  8617 | D:8      | Reached skill level 10 in Fighting
  8637 | D:8      | Reached skill level 1 in Conjurations
  8637 | D:8      | Reached skill level 1 in Fire Magic
  9025 | D:8      | Reached XP level 11. HP: 36/99 MP: 13/21
  9284 | D:8      | Noticed Joseph
  9303 | D:8      | Killed Joseph
  9555 | D:8      | Noticed Erica
  9562 | D:8      | Killed Erica
  9565 | D:8      | Reached **** piety under Vehumet
  9743 | D:9      | Offered knowledge of Ignite Poison by Vehumet.
  9823 | D:8      | Learned a level 3 spell: Ignite Poison
 10428 | D:9      | Found a shimmering blue altar of Sif Muna.
 10428 | D:9      | Found a glowing silver altar of Zin.
 10473 | D:9      | Reached skill level 5 in Conjurations
 10485 | D:9      | Reached skill level 5 in Fire Magic
 10596 | D:9      | Found a staircase to the Lair.
 10621 | D:9      | Noticed a two-headed ogre
 10654 | D:9      | Killed a two-headed ogre
 10714 | D:9      | Reached ***** piety under Vehumet
 10744 | D:9      | Offered knowledge of Yara's Violent Unravelling by Vehumet.
 10766 | D:9      | Learned a level 5 spell: Yara's Violent Unravelling
 10825 | D:9      | Found an ancient bone altar of Kikubaaqudgha.
 11972 | D:9      | Found a runed translucent gate.
 11972 | D:9      | Found a runed translucent gate.
 11972 | D:9      | Found a runed translucent gate.
 12099 | D:10     | Entered Level 10 of the Dungeon
 12163 | D:10     | Found Xyostoxt's Weapon Emporium.
 12163 | D:10     | Found a staircase to the Orcish Mines.
 12224 | D:9      | Slain by a yak

Illustrated notes

Levels and vault maps discovered:
D:1:      psy_arrival_heroes, layout_loops_ring, minmay_misc_feat_plants,
          glass_columns_a
D:2:      layout_basic
D:3:      layout_rooms, mainiacjoe_overflow_tiny_flanked, elyvilon_altar_4,
          chequers_decorated_corner, uniq_robin
D:4:      layout_layer_cave, nicolae_shop_clearance
D:5:      layout_layer_cave, serial_shops, nicolae_diamond_shop, shop, shop,
          nicolae_shop_rolled_up, nicolae_shop_crystal, grunt_ministairs_7,
          uniq_blork_the_orc
D:6:      layout_basic, nicolae_vehumet_radiance, minivault_19
D:7:      minmay_the_grid_square_5x5_3x3 [minmay_the_grid_square_5x5_mess,
          minmay_the_grid_square_5x5_fancy_junction,
          minmay_the_grid_square_5x5_pentomino_r,
          minmay_the_grid_square_5x5_hollow_slash,
          minmay_the_grid_square_5x5_megaprize_hollow,
          minmay_the_grid_square_5x5_intrusive_squares,
          minmay_the_grid_square_5x5_tri_point,
          minmay_the_grid_square_5x5_moneybag,
          minmay_the_grid_square_5x5_checkered], layout_basic,
          minmay_temple_entry_antechambers, minivault_5, grunt_ministairs_3,
          kennysheep_another_room, minmay_shattered_shrine, uniq_pikel,
          uniq_maggie
D:8:      cheibrodos_grave_circle, layout_basic, uniq_erica, uniq_psyche,
          uniq_joseph
D:9:      kennysheep_housing_project, layout_loops_cross,
          nicolae_kikubaaqudgha_miasma_corner, gammafunk_temple_overflow_statue,
          hellmonk_lair_entry_icy, gammafunk_ghost_necromancy,
          minmay_fire_ice_demons
D:10:     layout_irregular_city, pdpol_wu_jian_five_deadly_venoms,
          mainiacjoe_overflow_alcove_2,
          chequers_temple_overflow_statue_of_worship, orc_david_3, uniq_maurice

Skill      XL: |  1  2  3  4  5  6  7  8  9 10 11 |
---------------+----------------------------------+-----
Fighting       | 4 5 8 10 | 10.1
Polearms       | 4 5 |  5.0
Spellcasting   | 2 3 4 5 7 9 |  9.9
Ice Magic      | 1 3 5 |  5.0
Dodging        | 5 |  5.0
Evocations     | 4 5 |  5.0
Throwing       | 5 |  5.3
Conjurations   | 3 5 |  5.0
Fire Magic     | 3 5 |  5.0

Action                     |  1- 3 |  4- 6 |  7- 9 | 10-12 || total
---------------------------+-------+-------+-------+-------++-------
  Melee: Spear             |   135 |   129 |       |       ||   264
         Tailslap          |    17 |    40 |    35 |    71 ||   163
         Trident           |       |    80 |   234 |   445 ||   759
  Throw: Dart              |     4 |    21 |     8 |     1 ||    34
         Javelin           |       |       |     4 |       ||     4
   Cast: Ozocubu's Armour  |       |     3 |     3 |     2 ||     8
         Sticky Flame      |       |       |       |    37 ||    37
Ability: Breathe Acid      |       |       |    30 |    27 ||    57
  Evoke: Wand              |       |       |    16 |     5 ||    21
    Use: Potion            |       |     1 |       |     5 ||     6
         Scroll            |       |     2 |     5 |     1 ||     8
   Stab: Sleeping          |     1 |       |       |       ||     1
         Distracted        |       |       |       |     1 ||     1
 Armour: Skin              |    29 |    82 |   117 |   199 ||   427
  Dodge: Dodged            |    40 |   132 |   231 |   402 ||   805

Table legend: (Time is in decaauts)
 A = Elapsed time spent in this place.
 B = Non-inter-level travel time spent in this place.
 C = Inter-level travel time spent in this place.
 D = Time resting spent in this place.
 E = Time spent auto-exploring this place.
 F = Levels seen in this place.
 G = Mean time per level.
                   A        B        C        D        E       F      G
               +--------+--------+--------+--------+--------+-----+--------+
         Total |  12271 |  11729 |    542 |   2488 |   6985 |  10 | 1227.1 |
       Dungeon |  12271 |  11729 |    542 |   2488 |   6985 |  10 | 1227.1 |
               +--------+--------+--------+--------+--------+-----+--------+

Top non-repeatable levels by time:
     D:7: 2130 daAuts
     D:8: 2056 daAuts
     D:9: 1933 daAuts
     D:5: 1465 daAuts
     D:2: 1231 daAuts
     D:4: 1164 daAuts
     D:6: 841 daAuts
     D:1: 775 daAuts
     D:3: 549 daAuts
    D:10: 123 daAuts
